[Event "*** Titled Tuesday Blitz"]
[Site "Chess.com"]
[Date "2021.03.09"]
[Round "5"]
[White "SaraciNderim"]
[Black "albi1999"]
[Result "1/2-1/2"]
[WhiteElo "2792"]
[BlackElo "2602"]
[TimeControl "180+1"]
[EndTime "10:59:43 PST"]
[Termination "Game drawn - insufficient material"]

1. e4 e5 2. Nf3 Nc6 3. Bb5 a6 4. Bxc6 dxc6 5. d4 exd4 6. Qxd4 Qxd4 7. Nxd4 Bd7 8. Nc3 O-O-O 9. Be3 Bb4 10. Ne2 Re8 11.
O-O-O f5 12. exf5 Bxf5 13. a3 Bd6 14. Ng3 Bg6 15. Bd4 Nf6 16. Rhe1 h5 17. f3 h4 18. Nge4 Nxe4 19. Nxe4 Bxe4 20. fxe4 Bxh2 21. Bxg7 Rhg8 22. Bf6 Rxg2 23. Bxh4 Rg4 24. Bf6 Be5 25. Bxe5 Rxe5 26. Rd4 b6 27. Kd2 c5 28. Rc4 Kd7 29.
a4 b5 30. axb5 axb5 31. Rc3 Rgxe4 32. Rxe4 Rxe4 33. Rxc5 c6 34. Kd3 Rg4 35. Rh5 Kc7 36. Kc3 Kb6 37. Kb3 Rg3+ 38. c3 Rg4 39. Rh8 Rf4 40. Ka3 Re4 41. b3 Rf4 42. Rb8+ Kc7 43. Rg8 Re4 44. Kb2 Re2+ 45. Kc1 Kb6 46. Kd1 Rb2 47. b4 Rh2 48. Rg7 Rf2 49. Rd7 Rh2 50.
Rd2 Rxd2+ 51. Kxd2 Kc7 52. Kd3 Kd6 53. Kd4 Kd7 54.
Ke4 Ke6 55. Kd4 Kd6 56. c4 bxc4 57. Kxc4 Kc7 58. b5 cxb5+ 59. Kxb5 1/2-1/2

[Event "*** Titled Tuesday Blitz"]
[Site "Chess.com"]
[Date "2021.03.09"]
[Round "5"]
[White "serhanberat_ozdemir"]
[Black "ri4mi"]
[Result "0-1"]
[WhiteElo "2550"]
[BlackElo "2428"]
[TimeControl "180+1"]
[EndTime "10:59:43 PST"]
[Termination "ri4mi won by resignation"]

1. e4 Nf6 2. e5 Nd5 3. d4 d6 4. c4 Nb6 5. f4 dxe5 6. fxe5 Nc6 7. Be3 Bf5 8. Nc3 e6 9. Be2 f6 10. exf6 Qxf6 11. Nf3 O-O-O 12. Bg5 Nxd4 13. Bxf6 Nxf3+ 14. gxf3 Rxd1+ 15. Rxd1 gxf6 16. Rg1 Bb4 17. Rg7 e5 18. Bd3 Bxd3 19. Rxd3 Nxc4 20. Rdd7 Ba5 21. Ke2 Nxb2 22. Nb5 Rd8 23. Nxa7+ Kb8 24. Nc6+ bxc6 25. Rxd8+ Kb7 26. Rxh7 c5 27. Rd5 Kc6 28. Rhd7 Na4 29. Kd3 Nb6 30.
Rxc5+ Kxc5 31. Rxc7+ Kb5 32. Rf7 Nd5 33. Ke4 Kc6 34. h4 Bd2 35. h5 Kd6 36. Kf5 Bg5 37. Ra7 Ne7+ 38. Kg4 Ke6 39. Ra6+ Kf7 40. a4 Bd2 41.
Rc6 f5+ 42. Kh4 Nd5 43. Rd6 Be1+ 44. Kg5 Ne7 45. Rd7 Bf2 46. Ra7 Be3+ 47. Kh4 Bxa7 48. Kh3 Kf6 49. f4 exf4 50. Kg2 Be3 51. Kf3 Kg5 52.
a5 Kxh5 53. a6 Kg5 54. Ke2 Ba7 55. Kf3 Nc6 56. Ke2 Nb4 57. Kf3 Nxa6 58. Ke2 Kg4 0-1

[Event "*** Titled Tuesday Blitz"]
[Site "Chess.com"]
[Date "2021.03.09"]
[Round "5"]
[White "CM_rui"]
[Black "eduardoperalta"]
[Result "0-1"]
[WhiteElo "2387"]
[BlackElo "2533"]
[TimeControl "180+1"]
[EndTime "10:59:43 PST"]
[Termination "eduardoperalta won by checkmate"]

1. e4 c5 2. Nf3 Nc6 3. c4 g6 4. d4 cxd4 5. Nxd4 Bg7 6. Be3 Nf6 7.
Nc3 O-O 8. Be2 d6 9. O-O Qa5 10.
Rc1 Nxd4 11. Bxd4 Be6 12. f4 Rfc8 13. b3 a6 14. Kh1 b5 15. cxb5 axb5 16. f5 Bd7 17.
fxg6 hxg6 18. Bxf6 Bxf6 19. Nd5 Bg5 20. Rxc8+ Rxc8 21. Qa1 Qd2 22. Bf3 Rc2 23. a4 bxa4 24. bxa4 Ra2 25.
Qb1 Bg4 26. Qb3 Bh3 27. Rg1 Be6 28. Qb8+ Kg7 29. Nc7 Bd7 30. Nd5 Bxa4 31. Qc7 e6 32. Ne7 Ra3 33. Qd8 Bxe7 34. Qxe7 Bc6 35. Qh4 Qe3 36. Qg3 d5 37. exd5 Bxd5 38. Bxd5 Qxg3 39.
hxg3 exd5 40. Rd1 Ra5 41. Kh2 Kf6 42. g4 Ke5 43. Kg3 d4 44. Re1+ Kd5 45. Kf4 Ra2 46. Re5+ Kc4 47. Re8 Rxg2 48. Rc8+ Kd3 49. g5 Rf2+ 50.
Ke5 Rf5+ 51. Kd6 Rxg5 52. Rf8 Rf5 53. Rh8 Kc3 54. Rh3+ d3 55. Kc6 Kc2 56. Rh8 d2 57. Rd8 d1=Q 58. Rxd1 Kxd1 59. Kd7 Kd2 60. Ke8 Kd3 61.
Kf8 Kd4 62. Kg7 Ke5 63. Kh6 Kf6 64. Kh7 g5 65. Kg8 Kg6 66. Kf8 Re5 67. Kg8 Re8# 0-1

[Event "*** Titled Tuesday Blitz"]
[Site "Chess.com"]
[Date "2021.03.09"]
[Round "5"]
[White "AlphaZ3r0"]
[Black "canary2016"]
[Result "1-0"]
[WhiteElo "2257"]
[BlackElo "2047"]
[TimeControl "180+1"]
[EndTime "10:59:43 PST"]
[Termination "AlphaZ3r0 won by checkmate"]

1. Nf3 d5 2. c4 c6 3. g3 Nf6 4. Bg2 Bg4 5. O-O Nbd7 6. cxd5 cxd5 7. h3 Bh5 8. Nc3 e6 9. d3 Be7 10. Bf4 O-O 11. Qb3 Qb6 12. Rfc1 Rac8 13. Ne5 Rfd8 14. Qxb6 Nxb6 15. e4 dxe4 16. dxe4 Bd6 17. g4 Bg6 18. Nxg6 hxg6 19. e5 Bb8 20. Bxb7 Rc7 21. exf6 Rxb7 22. Bxb8 Rdxb8 23. fxg7 Kxg7 24. Ne4 Nd5 25. b3 a5 26. Rc4 Nb4 27. g5 Nd3 28. Kg2 Ne5 29. Rc5 Nd3 30. Rxa5 Rb4 31. Kf3 Rd8 32. Rd1 Rxe4 33. Kxe4 Nxf2+ 34.
Kf3 Nxd1 35. b4 Nc3 36. b5 Rd5 37. a4 Rxg5 38. b6 Rg1 39. Ra7 Rb1 40. a5 Nd5 41. b7 Nf6 42. a6 Nd7 43. Ra8 Rb6 44. Rd8 Ne5+ 45. Ke4 Nc6 46. Rd6 Rxa6 47. Rxc6 Rxc6 48.
b8=Q Rc4+ 49. Kd3 Rc6 50. Qe5+ Kg8 51. Ke4 Rc4+ 52. Kf3 Rc2 53. h4 Rc1 54. Qb8+ Kg7 55. Qb2+ Kh7 56. Qxc1 Kg7 57. Qc3+ Kg8 58. Qc7 Kg7 59.
Kg4 e5 60. Kg5 Kf8 61. Qxe5 Kg8 62. Kf6 Kh7 63. Qe8 Kh6 64. Qh8# 1-0

[Event "*** Titled Tuesday Blitz"]
[Site "Chess.com"]
[Date "2021.03.09"]
[Round "5"]
[White "Witik"]
[Black "Fandorine"]
[Result "1/2-1/2"]
[WhiteElo "2623"]
[BlackElo "2883"]
[TimeControl "180+1"]
[EndTime "10:59:44 PST"]
[Termination "Game drawn by agreement"]

1. d4 Nf6 2. Bf4 c6 3. Nd2 d6 4. Ngf3 g6 5. h3 Bg7 6. e3 O-O 7. Be2 b6 8. O-O Bb7 9. Re1 c5 10. c3 Nbd7 11. Bh2 Ne4 12. Nxe4 Bxe4 13. Bd3 Bb7 14. Qe2 Qc7 15. Rad1 Rac8 16. e4 Qb8 17. d5 Qa8 18. c4 Ne5 19. Nxe5 dxe5 20. f4 exf4 21.
Bxf4 e6 22. Kh1 Rcd8 23. Qf3 Qc8 24. b3 Qd7 25. Bc2 e5 26. Bd2 Qd6 27. Rf1 a5 28.
g4 Bc8 29. Kg2 Bd7 30. a4 Qe7 31. Qg3 h6 32. Rf2 Bc8 33. Rdf1 Rd6 34. h4 f6 35.
Bd3 g5 36. h5 Qe8 37. Be2 Rd8 38. Qd3 Bd7 39. Bf3 Qe7 40. Kh2 Qd6 41. Rg2 Kf7 42. Kg1 Ke7 43. Qe2 Rde8 44. Qd1 Kd8 45. Be2 Kc7 46.
Bd3 Kb7 47. Be2 Rf7 48. Bd3 Ref8 49. Be3 Re7 50. Bd2 Ree8 51. Be3 Qc7 52. Bc2 Qd6 53. Bd3 Rf7 54. Bc2 Bf8 55. Bd3 Be7 56.
Bc2 Ref8 57. Bd3 Bd8 58. Bc2 Bc7 59. Bd3 Kb8 60. Bc2 Qe7 61. Bd3 Bd6 62. Bc2 Qe8 63. Bd3 1/2-1/2

[Event "*** Titled Tuesday Blitz"]
[Site "Chess.com"]
[Date "2021.03.09"]
[Round "5"]
[White "Ekose"]
[Black "ChronicUnhappiness"]
[Result "1-0"]
[WhiteElo "2529"]
[BlackElo "2345"]
[TimeControl "180+1"]
[EndTime "10:59:44 PST"]
[Termination "Ekose won on time"]

1. d4 d5 2. Nf3 Nf6 3. c4 e6 4. Nc3 Bb4 5. Bg5 h6 6. Bxf6 Qxf6 7. e3 O-O 8. Rc1 dxc4 9. Bxc4 c5 10. O-O Rd8 11. a3 Bxc3 12. bxc3 Nc6 13. Qe2 b6 14. Ba6 e5 15. Bb5 e4 16. Nd2 Bf5 17. Nb3 Qg6 18. Kh1 Rac8 19. dxc5 bxc5 20. Ba6 Rc7 21. Nxc5 Ne5 22. Nb3 Bg4 23. f3 exf3 24. gxf3 Nxf3 25. Rxf3 Bxf3+ 26. Qxf3 Qxa6 27. Nd4 Qxa3 28. Rg1 Qe7 29. Rxg7+ Kxg7 30. Nf5+ Kf8 31. Nxe7 Kxe7 32. Qf4 Rd6 33. Qe5+ Kd7 34. Qf5+ Ke7 35. Qe5+ Kd7 36. Kg2 Rcc6 37. Kf3 Rf6+ 38. Ke2 Rfe6 39. Qd5+ Ke7 40. Qd4 a6 41. Qb4+ Kf6 42. Qd4+ Ke7 43. Qb4+ Rcd6 44. Qb7+ Kf6 45. Qf3+ Kg7 46. Qg4+ Rg6 47. Qc4 Rde6 48. Qd4+ Kh7 49. Qf4 Rgf6 50. Qh4 Rf5 51. Qg4 Rfe5 52.
Kd2 Rxe3 53. Qf5+ Kg7 54. Qg4+ Kf8 55. Qb4+ 1-0

[Event "*** Titled Tuesday Blitz"]
[Site "Chess.com"]
[Date "2021.03.09"]
[Round "5"]
[White "FlySooHigh"]
[Black "redblizzard"]
[Result "0-1"]
[WhiteElo "2668"]
[BlackElo "2472"]
[TimeControl "180+1"]
[EndTime "10:59:45 PST"]
[Termination "redblizzard won by resignation"]

1. e4 e5 2. Nf3 Nc6 3. Bc4 Nf6 4. d3 Be7 5. O-O O-O 6. c3 d6 7. Bb3 h6 8. Nbd2 Nh7 9. Nc4 Ng5 10. Ne3 Nxf3+ 11. Qxf3 Bg5 12. Bd2 Be6 13. Rad1 Bxb3 14. axb3 a5 15. g3 Ne7 16. h4 Bxe3 17. Bxe3 b6 18. d4 Qc8 19. dxe5 dxe5 20. Rd3 Qe6 21.
Qh5 Nc6 22. Rd5 f5 23. Rfd1 f4 24. Bc1 fxg3 25. fxg3 Qh3 26. R5d3 Rf7 27. Qe2 Raf8 28. Qg2 Qg4 29. Re1 Ne7 30. Bd2 Ng6 31. b4 axb4 32.
cxb4 Rf3 33. Ree3 Rf1+ 34. Qxf1 Rxf1+ 35. Kxf1 Qh3+ 36. Kg1 Kh7 37. Rc3 Qd7 38. Be1 Nf8 39.
Rcd3 Qe7 40. Kg2 Ne6 41. Bc3 c5 42. bxc5 Nxc5 43. Rd5 Qb7 44. Rxe5 Qc6 45. Re7 Ne6 46. Re2 Kg6 47. Rf2 Qxe4+ 48. Kh2 Kh5 49. Ref7 g5 50.
hxg5 hxg5 51. Rf8 Kg4 52. Rg8 Qh7+ 53. Kg1 Qxg8 54. Re2 Qg6 55. Kf2 Qf5+ 56. Kg2 Qf3+ 57. Kg1 Qxe2 0-1

[Event "*** Titled Tuesday Blitz"]
[Site "Chess.com"]
[Date "2021.03.09"]
[Round "5"]
[White "Artyom_ChessMate"]
[Black "DenLaz"]
[Result "0-1"]
[WhiteElo "2545"]
[BlackElo "2826"]
[TimeControl "180+1"]
[EndTime "10:59:46 PST"]
[Termination "DenLaz won by resignation"]

1. e4 e5 2. Nf3 Nc6 3. Bb5 a6 4. Bxc6 dxc6 5. O-O Qf6 6. d4 exd4 7. Bg5 Qd6 8. Nxd4 Be7 9. Be3 Nf6 10. Nc3 Ng4 11. e5 Nxe3 12. exd6 Nxd1 13. dxe7 Nxc3 14. bxc3 Kxe7 15.
Rfe1+ Kf6 16. Rab1 c5 17. Nf3 b6 18. Ne5 Be6 19. c4 Rad8 20. Re2 g5 21. Rbe1 Rhe8 22. h4 h6 23. Re3 Kg7 24. a3 gxh4 25. Re4 h3 26. g3 Bf5 27. R4e2 f6 28. Nc6 Rxe2 29. Rxe2 Rd1+ 30. Kh2 Bg4 31. Re7+ Kf8 32. Rxc7 Bf3 33. g4 Rh1+ 34. Kg3 h2 35. Nd8 Bxg4 36. Nc6 Be6 37. Nb8 Rf1 38. Kxh2 Rxf2+ 39. Kg3 Rxc2 40. Rc6 Bxc4 41.
Rxf6+ Kg7 42. Rxb6 Rc3+ 43. Kf4 Rxa3 44. Nd7 h5 45.
Nxc5 h4 46. Ne4 h3 47. Ng3 Bd5 48. Kg4 Bg2 49. Rb7+ Kf6 50. Rb6+ Ke5 51. Rb2 Ra4+ 52. Kg5 a5 53. Re2+ Kd5 54. Nh5 h2 55. Rd2+ Kc6 56.
Ng3 h1=Q 57. Nxh1 Bxh1 58. Kf5 Bd5 59. Ke5 Re4+ 60. Kf5 a4 61. Rc2+ Rc4 62. Kf6 Rxc2 63. Ke5 0-1

[Event "*** Titled Tuesday Blitz"]
[Site "Chess.com"]
[Date "2021.03.09"]
[Round "5"]
[White "Isajevsky_Anton"]
[Black "swimmerchess"]
[Result "1-0"]
[WhiteElo "2478"]
[BlackElo "2742"]
[TimeControl "180+1"]
[EndTime "10:59:46 PST"]
[Termination "Isajevsky_Anton won by resignation"]

1. c4 e5 2. g3 Nc6 3. Bg2 f5 4. Nc3 Nf6 5. d3 Bc5 6. e3 d6 7. Nge2 O-O 8. h3 Qe8 9. Bd2 Qh5 10. Nd5 Nxd5 11. cxd5 Ne7 12. d4 exd4 13. Nxd4 Qxd1+ 14. Rxd1 Bxd4 15. exd4 Bd7 16. Rc1 Rac8 17. O-O Rfe8 18.
Rc3 c6 19. dxc6 Bxc6 20. Rfc1 Bxg2 21. Kxg2 Rxc3 22. bxc3 Kf7 23. c4 Nc6 24. Be3 b6 25. Kf3 Rc8 26. Ke2 Na5 27. Kd3 Ke6 28. h4 g6 29. Rc2 Kd7 30. d5 Re8 31. f3 Nb7 32. h5 Ke7 33. hxg6 hxg6 34. Rh2 Nd8 35. Bg5+ Kf8 36.
Rh8+ Kf7 37. Rh7+ Kg8 38. Rxa7 Nf7 39. Bf6 Rb8 40. a4 Rc8 41. f4 Re8 42. Bd4 Rb8 43.
Kc3 Kf8 44. Kb4 Re8 45. Bxb6 Re1 46. a5 Rb1+ 47. Kc3 Ra1 48. Rb7 Ra3+ 49. Kb4 Rxg3 50.
a6 Rg2 51. a7 Rb2+ 52. Ka5 Ra2+ 53. Kb5 Rb2+ 54. Kc6 Ra2 55. Rb8+ Kg7 56. a8=Q Rxa8 57. Rxa8 1-0

[Event "*** Titled Tuesday Blitz"]
[Site "Chess.com"]
[Date "2021.03.09"]
[Round "5"]
[White "13MiRacLe"]
[Black "arctic_t00"]
[Result "0-1"]
[WhiteElo "2678"]
[BlackElo "2537"]
[TimeControl "180+1"]
[EndTime "10:59:48 PST"]
[Termination "arctic_t00 won by resignation"]

1. e4 e6 2. d4 d5 3. Nc3 Nf6 4. e5 Nfd7 5. Nce2 c5 6. c3 Nc6 7.
Nf3 Be7 8. a3 O-O 9. Nf4 Qb6 10.
Bd3 cxd4 11. cxd4 Na5 12. h4 f5 13. exf6 Nxf6 14. O-O Ne4 15. Re1 Nb3 16. Rb1 Nxc1 17.
Qxc1 Bd6 18. Ne2 Bd7 19. Qe3 Be8 20. Nc3 Bf4 21. Qe2 Nxc3 22. bxc3 Qc7 23. Qxe6+ Bf7 24. Qg4 Qxc3 25. Bxh7+ Kxh7 26. Qxf4 Bg6 27. Ng5+ Kg8 28. Qg4 Bxb1 29. Rxb1 Qc6 30. Ne6 Rf7 31. f4 Re8 32.
f5 Qc2 33. Rf1 Qe4 34. Qxe4 dxe4 35. h5 e3 36. g4 e2 37. Re1 Rc8 38. Rxe2 Re7 39.
d5 Rc4 40. g5 Rd7 41. Rd2 Rc3 42. Kf2 Rxa3 43. h6 Ra5 44. hxg7 Raxd5 45. Rxd5 Rxd5 46. f6 Kf7 47. Nf4 Rxg5 48. Kf3 Rf5 49. Kg4 Rxf6 50. Nh5 Rg6+ 51. Kf5 Rxg7 52. Nxg7 Kxg7 53. Ke5 a5 54.
Kd5 Kf7 55. Kc5 b6+ 56. Kxb6 a4 57. Kb5 a3 58. Kb4 a2 0-1

[Event "*** Titled Tuesday Blitz"]
[Site "Chess.com"]
[Date "2021.03.09"]
[Round "5"]
[White "Nemsko"]
[Black "IANOV0007"]
[Result "1-0"]
[WhiteElo "2300"]
[BlackElo "2479"]
[TimeControl "180+1"]
[EndTime "10:59:48 PST"]
[Termination "Nemsko won on time"]

1. e4 d6 2. d4 Nf6 3. Nc3 c6 4. Be3 Ng4 5. Bg5 Qb6 6. Rb1 e5 7. Nf3 Nd7 8. h3 Ngf6 9. Be3 Qc7 10. Bd3 Be7 11. O-O O-O 12. Qd2 b5 13. Ne2 Bb7 14.
Ng3 g6 15. c3 a6 16. Bh6 Rfe8 17. Nf5 c5 18. d5 c4 19. Bc2 Nc5 20. Ng3 Kh8 21.
Rfe1 Ng8 22. Be3 Rac8 23. Ng5 Bf8 24. h4 h6 25. Nh3 Qe7 26. h5 Bg7 27. f3 Kh7 28. Nf2 Qh4 29. hxg6+ fxg6 30. Nf1 Rf8 31. Nh2 h5 32. Bg5 Qg3 33. Nh1 Qxg5 34. Qxg5 Bh6 35. Qg3 Bf4 36. Qf2 Rc7 37. Nf1 Rcf7 38. Ne3 Bh6 39.
Qe2 Nf6 40. Nf2 Bc8 41. b4 cxb3 42. axb3 Bf4 43. b4 Ncd7 44. Nf1 Bh6 45. g3 Nb6 46. Bd3 Nfd7 47. Nh2 Bb7 48. Nd1 Na4 49. Rb3 Ndb6 50.
Ne3 Rc7 51. Rc1 Rfc8 52. Rc2 Nxc3 53. Qe1 Nca4 54. Rxc7+ Rxc7 55. Rb1 Rc3 56. Rd1 Nb2 57. Rc1 1-0

[Event "*** Titled Tuesday Blitz"]
[Site "Chess.com"]
[Date "2021.03.09"]
[Round "5"]
[White "Eliwood44"]
[Black "elcandado"]
[Result "1/2-1/2"]
[WhiteElo "2481"]
[BlackElo "2664"]
[TimeControl "180+1"]
[EndTime "10:59:49 PST"]
[Termination "Game drawn by repetition"]

1. d4 Nf6 2. Nf3 d5 3. Bf4 e6 4. Nbd2 Bd6 5. e3 O-O 6. Bd3 Qe7 7. Ne5 Nc6 8. c3 Nd7 9. Qh5 g6 10. Nxc6 bxc6 11. Bxd6 cxd6 12. Qh6 f5 13. h4 Qg7 14.
Qg5 Qf6 15. Nf3 e5 16. Be2 Rb8 17. O-O-O e4 18. Nd2 f4 19. Bg4 Nb6 20. Bxc8 Rbxc8 21. Qxf6 Rxf6 22. g3 fxe3 23. fxe3 Nc4 24. Nxc4 dxc4 25. Rdf1 Rcf8 26. Rf4 d5 27. Rhf1 Kg7 28. b3 cxb3 29. axb3 h6 30. Kd2 g5 31. hxg5 hxg5 32. Rxf6 Rxf6 33.
Ra1 Rf2+ 34. Ke1 Rc2 35. Rxa7+ Kf6 36. c4 dxc4 37. bxc4 Rxc4 38. Kd2 Kf5 39. Re7 Kg4 40. Rxe4+ Kxg3 41. Re8 g4 42. Rg8 Kf3 43. Kd3 Rc1 44.
Rf8+ Kg2 45. Ke4 g3 46. Rg8 Kf2 47. Rf8+ Kg1 48. Rg8 g2 49. d5 cxd5+ 50. Kxd5 Kf2 51. e4 g1=Q 52. Rxg1 Rxg1 53. e5 Kf3 54. e6 Kf4 55.
e7 Re1 56. Kd6 Kf5 57. Kd7 Rd1+ 58. Kc8 Re1 59. Kd8 Rd1+ 60. Kc8 Re1 61. Kd8 Rd1+ 62. Kc8 1/2-1/2

[Event "*** Titled Tuesday Blitz"]
[Site "Chess.com"]
[Date "2021.03.09"]
[Round "5"]
[White "Smile2005"]
[Black "jposthuma"]
[Result "0-1"]
[WhiteElo "2398"]
[BlackElo "2665"]
[TimeControl "180+1"]
[EndTime "10:59:49 PST"]
[Termination "jposthuma won by resignation"]

1. Nf3 Nf6 2. g3 g6 3. Bg2 Bg7 4. O-O O-O 5. d3 c5 6. Nc3 Nc6 7. e4 d5 8. h3 d4 9. Nb1 e5 10.
a4 Ne8 11. Na3 Nd6 12. Nd2 f5 13. exf5 gxf5 14. Nac4 Be6 15. Re1 Nxc4 16. Nxc4 Bxc4 17. Bxc6 Bd5 18. Bxd5+ Qxd5 19. Qh5 Rae8 20. Bh6 Qf7 21. Qg5 Qg6 22. Qxg6 hxg6 23. Bxg7 Kxg7 24. f3 e4 25. fxe4 fxe4 26. Rxe4 Rxe4 27. dxe4 Rf3 28. Ra3 Rxa3 29. bxa3 Kf6 30. Kf2 Ke5 31. Kf3 c4 32. h4 c3 33. Ke2 Kxe4 34. g4 Kf4 35. h5 gxh5 36. gxh5 Kg5 37. Kd3 Kxh5 38. Kxd4 Kg5 39. Kxc3 Kf5 40. Kd4 Ke6 41. Kc5 Kd7 42. c4 Kc7 43. a5 Kd7 44. a4 Kc7 45. Kb5 Kd6 46. c5+ Kd5 47. Kb4 a6 48. c6 bxc6 49. Kc3 c5 50. Kb3 c4+ 51. Kc3 Kc5 52. Kb2 Kb4 53.
Kc2 Kxa4 54. Kc3 Kb5 55. Kc2 Kxa5 56. Kc3 Kb5 57. Kc2 Kb4 58. Kb2 a5 59. Kc2 a4 60.
Kb2 a3+ 61. Ka2 Ka4 62. Kb1 Kb3 63. Ka1 c3 64. Kb1 c2+ 65. Kc1 a2 0-1

[Event "*** Titled Tuesday Blitz"]
[Site "Chess.com"]
[Date "2021.03.09"]
[Round "5"]
[White "davidkalashian"]
[Black "JimmmyZhang"]
[Result "0-1"]
[WhiteElo "2589"]
[BlackElo "2443"]
[TimeControl "180+1"]
[EndTime "10:59:49 PST"]
[Termination "JimmmyZhang won on time"]

1. e4 e5 2. Nf3 Nc6 3. d4 exd4 4. Nxd4 Bc5 5. Nxc6 Qf6 6. Qf3 Qxf3 7. gxf3 dxc6 8. Rg1 g6 9. Nc3 Be6 10. Be3 Bxe3 11.
fxe3 Ke7 12. O-O-O Nf6 13. h4 a5 14. a3 Rad8 15. Be2 Rxd1+ 16. Rxd1 Nd7 17. f4 f6 18. Bf3 Rd8 19. Ne2 Nb6 20. Rxd8 Kxd8 21. Nd4 Ke7 22. b3 Bh3 23. a4 Nd7 24. Kd2 Nc5 25. Ne2 h6 26. Ng3 Bd7 27. Kc3 b6 28. h5 gxh5 29. Nxh5 b5 30. axb5 cxb5 31. Ng3 Na6 32. Be2 c6 33.
Kd4 Nb4 34. Bd1 Na6 35. e5 fxe5+ 36. Kxe5 a4 37. bxa4 bxa4 38. Kd4 a3 39. Kc3 Nc5 40. f5 Na4+ 41. Kb3 a2 42. Kxa2 Nc3+ 43. Kb3 Nxd1 44.
e4 Kf6 45. Kc4 Ke5 46. Kd3 Nf2+ 47. Ke3 Ng4+ 48. Kf3 Nf6 49. Ke3 c5 50. Ne2 Bc6 51.
Nf4 Bxe4 52. Ne6 c4 53. c3 Bxf5 54. Nd4 Be6 55. Nf3+ Kd5 56. Kf4 h5 57. Kg5 Bg4 58.
Nd2 Ne4+ 0-1

[Event "*** Titled Tuesday Blitz"]
[Site "Chess.com"]
[Date "2021.03.09"]
[Round "5"]
[White "eljanov"]
[Black "GigaQuparadze"]
[Result "0-1"]
[WhiteElo "2852"]
[BlackElo "2965"]
[TimeControl "180+1"]
[EndTime "10:59:50 PST"]
[Termination "GigaQuparadze won on time"]

1. d4 Nf6 2. c4 e6 3. Nf3 Bb4+ 4. Bd2 a5 5. g3 d5 6. Bg2 O-O 7. Qc2 c6 8. O-O b6 9. Rd1 Ba6 10. b3 Nbd7 11. Bf4 Be7 12. Ne5 Rc8 13. Nc3 Nh5 14.
Bc1 Nhf6 15. e4 Qe8 16. Bb2 Nxe5 17. dxe5 Ng4 18. exd5 cxd5 19. cxd5 Bc5 20. Rd2 exd5 21. Qf5 Qe6 22. Qh5 g6 23. Qg5 h6 24. Qf4 g5 25.
Qf3 Nxe5 26. Qh5 d4 27. Ne4 Nd3 28. Rad1 Nxb2 29. Rxb2 Qg6 30. Qxg6+ fxg6 31. Bf1 Bb7 32. Bd3 Rce8 33. Nxc5 bxc5 34. Bxg6 Re6 35. Bd3 Bf3 36. Rc1 Re5 37. Rbc2 Rfe8 38. Kf1 Rc8 39. a3 Rb8 40. Rxc5 Re7 41. Rb5 Rxb5 42. Bxb5 Kg7 43. Bd3 Rb7 44. Bc4 Rc7 45. Rc2 Be4 46. Rd2 Rd7 47. Ke2 g4 48. Kd1 Kf6 49. Kc1 Ke5 50. Kb2 Bf3 51. b4 axb4 52. axb4 Rc7 53. Kb3 Bd5 54. Bxd5 Kxd5 55.
b5 Rc3+ 56. Kb4 Rc4+ 57. Ka5 Rc1 58. Kb6 Kc4 59. Kc6 d3 0-1

[Event "*** Titled Tuesday Blitz"]
[Site "Chess.com"]
[Date "2021.03.09"]
[Round "5"]
[White "PetrolulSah"]
[Black "SARGISMV"]
[Result "1-0"]
[WhiteElo "2212"]
[BlackElo "2461"]
[TimeControl "180+1"]
[EndTime "10:59:50 PST"]
[Termination "PetrolulSah won by checkmate"]

1. d4 Nf6 2. c4 c5 3. Nf3 cxd4 4. Nxd4 e5 5. Nb5 d5 6. cxd5 Bc5 7. g3 Qb6 8. e3 O-O 9. N5c3 e4 10. Bg2 Re8 11.
O-O Nbd7 12. Qc2 Qb4 13. Nd2 Ne5 14. Ncxe4 Nxe4 15. Nxe4 Bb6 16. Bd2 Qb5 17. a4 Qe2 18. Ng5 g6 19. Rfe1 Qh5 20. f4 Ng4 21. h3 Bxe3+ 22.
Bxe3 Nxe3 23. Qc3 h6 24. Rxe3 Rxe3 25. Qxe3 hxg5 26. Qe8+ Kg7 27. Rc1 gxf4 28. g4 Qg5 29. Rxc8 Rxc8 30. Qxc8 Qe5 31. Qc3 Kf6 32. Kf2 b6 33.
Kf3 g5 34. Qxe5+ Kxe5 35. Ke2 a5 36. Kd3 f6 37. Kc4 Kd6 38. Kb5 Kc7 39. d6+ Kxd6 40. Kxb6 Ke5 41. Kxa5 f5 42. Kb4 fxg4 43. hxg4 Kd4 44. a5 Ke3 45. a6 f3 46. Bxf3 Kxf3 47. a7 Kxg4 48. a8=Q Kf4 49. Qf8+ Kg4 50. Qg7 Kf5 51.
Qf7+ Ke4 52. Qg6+ Kf4 53. Qf6+ Kg4 54. Qf2 Kh3 55. Kc4 g4 56. Qg1 g3 57. Kd4 Kg4 58. Ke4 Kh4 59. Kf4 Kh3 60. Kf3 Kh4 61. Qxg3+ Kh5 62.
Qg7 Kh4 63. Qh6# 1-0

[Event "*** Titled Tuesday Blitz"]
[Site "Chess.com"]
[Date "2021.03.09"]
[Round "5"]
[White "Olga_Girya"]
[Black "QuintilianoR"]
[Result "1/2-1/2"]
[WhiteElo "2466"]
[BlackElo "2682"]
[TimeControl "180+1"]
[EndTime "10:59:51 PST"]
[Termination "Game drawn by stalemate"]

1. d4 Nf6 2. c4 e6 3. Nf3 d5 4. Nc3 c6 5. e3 Nbd7 6. b3 Bb4 7.
Bd2 O-O 8. Bd3 Qe7 9. O-O b6 10. Ne5 Nxe5 11. dxe5 Nd7 12. f4 Nc5 13. Be2 Rd8 14.
cxd5 cxd5 15. Nb5 Bxd2 16. Qxd2 Ne4 17. Qb2 Ba6 18. Rac1 Bxb5 19. Bxb5 Rac8 20. Ba6 Rc5 21. b4 Rxc1 22. Rxc1 h6 23. a3 Qd7 24. Qc2 f5 25. exf6 Nxf6 26. Qc7 d4 27. Qxd7 Rxd7 28. Bc8 Rd6 29. exd4 Nd5 30. g3 Kf7 31. Kf2 Ne7 32.
Rc7 a5 33. bxa5 bxa5 34. Rd7 Rb6 35. Rb7 Rc6 36. Bd7 Rc2+ 37. Kf3 Rc3+ 38. Kg4 Rxa3 39.
f5 exf5+ 40. Bxf5 Ra4 41. Rd7 Ke8 42. Be6 g6 43. Kh3 Rb4 44. d5 Rd4 45. d6 Nf5 46. Bxf5 gxf5 47. Ra7 a4 48. d7+ Kd8 49. Kg2 f4 50.
gxf4 Rxf4 51. Kg3 Rd4 52. h4 h5 53. Kh3 Rb4 54. Kg3 Rb3+ 55. Kf4 a3 56. Kg5 Rb5+ 57. Kg6 Rd5 58. Rxa3 Kxd7 59. Ra7+ Ke8 60. Rh7 Kf8 61.
Rh8+ Ke7 62. Rxh5 Rxh5 63. Kxh5 Kf7 64. Kh6 Kg8 65. Kg6 Kh8 66. h5 Kg8 67. h6 Kh8 68. h7 1/2-1/2

[Event "*** Titled Tuesday Blitz"]
[Site "Chess.com"]
[Date "2021.03.09"]
[Round "5"]
[White "Margency"]
[Black "rpragchess"]
[Result "0-1"]
[WhiteElo "2708"]
[BlackElo "2920"]
[TimeControl "180+1"]
[EndTime "10:59:52 PST"]
[Termination "rpragchess won by checkmate"]

1. e4 c5 2. Nf3 e6 3. d4 cxd4 4. Nxd4 a6 5. c4 Nf6 6. Nc3 Qc7 7. a3 b6 8. Be3 Bb7 9. f3 Be7 10. Be2 d6 11. O-O Nbd7 12. Qd2 O-O 13. Rfc1 Rac8 14. Rc2 Qb8 15. Rb1 Bd8 16. Kh1 Bc7 17. Bg1 h5 18.
Qe1 Rfe8 19. b4 d5 20. exd5 exd5 21. c5 bxc5 22. bxc5 Nxc5 23. Qh4 Be5 24. Rcb2 Qc7 25. Na4 Nxa4 26. Rxb7 Qd8 27. Nf5 Nc5 28. Qg5 Nfd7 29.
Nh6+ Kh7 30. Qf5+ Kxh6 31. Be3+ g5 32. h4 Kg7 33. Bxg5 Bf6 34. Bd3 Re5 35. Qh7+ Kf8 36. Bh6+ Ke7 37. Bf5 Qg8 38. Qxg8 Rxg8 39. Bh3 Rc8 40. Ra7 Rc6 41. Rd1 Ne6 42. Bd2 Re2 43. Bb4+ Ke8 44. Ra8+ Bd8 45. Bxe6 fxe6 46. Ba5 Nb6 47. Rb1 Nxa8 48. Rb8 Re1+ 49. Kh2 Nc7 50. Rc8 Kd7 51. Rb8 Nb5 52. Rxd8+ Ke7 53. Rh8 Ra1 54.
Rxh5 Nd6 55. Bb4 Kf7 56. Rh7+ Kg6 57. Rd7 Nf5 58. Kh3 Rh1+ 59. Kg4 Rxh4# 0-1

[Event "*** Titled Tuesday Blitz"]
[Site "Chess.com"]
[Date "2021.03.09"]
[Round "5"]
[White "Vsevolod_Ovchinnikov"]
[Black "Durarbayli"]
[Result "1-0"]
[WhiteElo "2512"]
[BlackElo "2672"]
[TimeControl "180+1"]
[EndTime "10:59:52 PST"]
[Termination "Vsevolod_Ovchinnikov won by resignation"]

1. d4 d5 2. c4 c6 3. Nf3 Nf6 4. g3 g6 5. Bg2 Bg7 6. Qb3 O-O 7. O-O a5 8. cxd5 a4 9. Qd1 cxd5 10. Nc3 Nc6 11.
Nxa4 Ne4 12. Nc3 Bf5 13. e3 Nxc3 14. bxc3 Qa5 15. Bd2 Qa6 16. Re1 Rfc8 17. Bf1 Bd3 18. Bxd3 Qxd3 19. Qe2 Qe4 20. Ng5 Qf5 21. e4 dxe4 22.
Qxe4 e6 23. Qxf5 gxf5 24. Reb1 Nxd4 25. Rxb7 Ne2+ 26. Kf1 Nxc3 27. Bxc3 Rxc3 28. Rd1 Bf6 29. Nxf7 Bg7 30. Rd8+ Rxd8 31. Nxd8 e5 32. Ne6 Bf6 33. a4 Ra3 34. Ra7 f4 35. gxf4 exf4 36. Nxf4 Bd4 37. Ra8+ Kf7 38. Kg2 Ra2 39. Nh3 Kg6 40. a5 Kf5 41. a6 h6 42. Kg3 Ke4 43.
Kg4 Ra3 44. Re8+ Kd5 45. Nf4+ Kc4 46. Re6 h5+ 47. Nxh5 Bxf2 48. Nf4 Ra4 49. Re4+ Bd4 50. Ne6 Rxa6 51. Rxd4+ Kc3 52. Re4 Kd3 53. Kf5 Ra2 54.
h4 Rf2+ 55. Nf4+ Kc3 56. h5 Rh2 57. Kg6 Rh4 58. Kg5 Rh1 59. h6 Rg1+ 60. Kf6 Rh1 61.
Kg7 1-0